 Dungeon Crawl Stone Soup version 0.24.0-123-gd5b16e6ec5 (webtiles) character file.

Game seed: 4837797551129659894, levelgen mode: deterministic

85019 LordRappington the Severer (level 15, 0/141 HPs)
             Began as a Minotaur Berserker on Jan 7, 2020.
             Was a High Priest of Trog.
             Slain by a five-headed hydra (2 damage)
             ... on level 3 of the Swamp on Jan 11, 2020.
             The game lasted 01:39:48 (26001 turns).

LordRappington the Severer (Minotaur Berserker)    Turns: 26001, Time: 01:39:48

Health: 0/141      AC: 26    Str: 21    XL:     15   Next: 36%
Magic:  23/23      EV:  5    Int:  7    God:    Trog [*****.]
Gold:   1172       SH:  0    Dex: 15    Spells: 14/14 levels left

rFire    . . .     SeeInvis .   O - +0 war axe (flame)
rCold    + . .     Gourm    +   (no shield)
rNeg     . . .     Faith    .   b - +1 plate armour
rPois    +         Spirit   .   A - +1 hat {MR+}
rElec    .         Reflect  .   f - +2 cloak
rCorr    .         Harm     .   B - +2 pair of gloves
MR       ++...                  (no boots)
Stlth    ..........             N - amulet of the gourmand
HPRegen  0.33/turn              C - ring "Mostruela" {rPois rC+ Str-2 Dex+3}
MPRegen  0.18/turn              V - ring of magical power

@: grasped by roots, constricted
A: retaliatory headbutt, horns 2
a: Berserk, Trog's Hand, Brothers in Arms, Renounce Religion


You were on level 3 of the Swamp.
You worshipped Trog.
Trog was extremely pleased with you.
You were very full.

You visited 4 branches of the dungeon, and saw 23 of its levels.

You collected 1426 gold pieces.
You spent 254 gold pieces at shops.

Inventory:

Hand Weapons
 u - a +2 flail of holy wrath
 x - a +6 broad axe of electrocution
 O - a +0 war axe of flaming (weapon)
 U - a +1 battleaxe of freezing
Missiles
 g - 4 silver javelins (quivered)
 n - 3 boomerangs of dispersal
Armour
 b - a +1 plate armour (worn)
 f - a +2 cloak (worn)
 A - a +1 hat of magic resistance (worn)
 B - a +2 pair of gloves (worn)
 K - a +0 cloak of poison resistance
 L - a +0 pair of gloves
Jewellery
 j - an uncursed ring of protection from cold {unknown}
 v - a +2 amulet of reflection
 C - the ring "Mostruela" (left hand) {rPois rC+ Str-2 Dex+3}
   (You found it on level 5 of the Dungeon)

   [ring of poison resistance]

   It affects your strength (-2).
   It affects your dexterity (+3).
   It protects you from cold.
   It protects you from poison.
 N - an amulet of the gourmand (around neck)
 V - a ring of magical power (right hand)
Wands
 d - a wand of random effects (31)
 q - a wand of disintegration (15)
 r - a wand of iceblast (8)
 t - a wand of paralysis (10)
 z - a wand of digging (4)
 E - a wand of acid (26)
 P - a wand of flame (88)
 Q - a wand of scattershot (8)
Scrolls
 a - a scroll of teleportation
 e - 9 scrolls of identify
 h - 2 scrolls of blinking
 i - a scroll of magic mapping
 m - 10 scrolls of remove curse
 o - 3 scrolls of immolation
 y - a scroll of enchant armour
 F - 2 scrolls of fog
 S - a scroll of fear
Potions
 k - 2 potions of ambrosia {unknown}
 l - 5 potions of haste {unknown}
 p - a potion of might
 s - 6 potions of curing
 D - a potion of resistance {unknown}
 G - 3 potions of berserk rage
 H - 5 potions of heal wounds
 J - 4 potions of flight
 X - 2 potions of magic {unknown}
 Z - a potion of agility {unknown}
Miscellaneous
 w - a crystal ball of energy
Comestibles
 c - 22 rations


   Skills:
 + Level 15.4 Fighting
 + Level 20.2 Axes
 * Level 10.2 Throwing
 - Level 15.0 Armour
 - Level 2.1 Dodging


You had 14 spell levels left.
You didn't know any spells.
Your spell library was empty.

Dungeon Overview and Level Annotations

Branches:
Dungeon (13/15)            Temple (1/1) D:6            Lair (6/6) D:11
  Swamp (3/4) Lair:4        Snake (0/4) Lair:2        Slime (0/5) Lair:5
 Vaults (0/5) D:13
    Orc: D:9-12

Altars:
Ashenzari
Cheibriados
Dithmenos
Elyvilon
Fedhas
Gozag
Hepliaklqana
Kikubaaqudgha
Makhleb
Nemelex Xobeh
Okawaru
Qazlal
Ru
Sif Muna
Trog
Uskayaw
Vehumet
Wu Jian
Xom
Yredelemnul
Zin
The Shining One
Jiyva

Shops:
D:5 [*=*?   D:6 %

Annotations:
D:7 2 transporters, Froggeryz's ghost, novice GnGl
Lair:3 4 runed translucent doors, Mrkan's ghost, journeyman GrFi; barb4r1an's ghost, journeyman DEIE
Lair:5 1 runed translucent door
Swamp:1 1 runed translucent door, Peixi's ghost, adept MiFi
Swamp:3 Jorgrun


Innate Abilities, Weirdness & Mutations

You reflexively headbutt those who attack you in melee.
You have a pair of horns on your head.


Message History

The five-headed hydra bites you but does no damage. x4
The five-headed hydra bites you!
* * * LOW HITPOINT WARNING * * *
You turn to flesh and can move again.
Your ogre goes berserk!
You feel somewhat less full.
The insubstantial wisp blinks!
Jorgrun points at you and mumbles some strange words.
You easily resist.
* * * LOW HITPOINT WARNING * * *
The grasping roots constrict you! The five-headed hydra bites you.
* * * LOW HITPOINT WARNING * * *
The five-headed hydra bites you.
* * * LOW HITPOINT WARNING * * *
The five-headed hydra bites you but does no damage. x3
The roots' grasp on you weakens, but your attempt to escape fails.
Jorgrun hits you but does no damage. The grasping roots constrict you.
The five-headed hydra bites you!
* * * LOW HITPOINT WARNING * * *
The five-headed hydra bites you.
You die...

.♣♣♣♣♣ .≈≈≈≈≈≈.♣♣ ♣♣...♣
♣♣♣♣♣ ♣v≈≈≈≈≈.≈♣
≈≈≈≈.♣♣♣♣...♣ .......≈
≈≈≈≈.≈♣♣≈≈≈.♣♣♣≈.....♣♣♣♣
≈.♣...≈.≈..≈≈≈♣♣..≈≈≈≈..≈
.♣♣≈.≈♣≈≈..≈≈.♣♣.≈≈≈≈≈≈≈≈
♣♣♣♣♣♣≈≈≈≈≈..≈≈.§≈≈≈≈≈≈≈.
≈.♣ ♣≈.≈≈..♣♣..O≈≈≈≈≈≈≈.
≈≈♣ ♣♣♣♣≈≈♣♣♣♣♣@g≈§..≈≈.
≈♣♣ ♣♣♣♣ ♣♣D≈≈≈≈... ♣♣
♣.§..§...# ♣.≈≈.§...##
♣♣...≈≈..# ♣♣♣≈≈≈....
♣.≈..#. ♣....÷ ♣♣...


You could see Jorgrun, a five-headed hydra, an insubstantial wisp and a friendly
ogre (berserk).

Vanquished Creatures
  Nikola (Swamp:3)
  Gastronok (Lair:1)
  A thorn hunter (Swamp:3)
  A storm dragon (D:11)
  8 vault guards (D:13)
  A two-headed ogre (D:9)
  10 hydras
  A catoblepas (Lair:6)
  7 alligators
  8 death yaks
  Urug (Lair:5)
  Sonja (Lair:3)
  Nergalle (Lair:4)
  An unseen horror (D:10)
  A swamp dragon (Swamp:2)
  A deep elf mage (D:13)
  2 manticores
  A moth of wrath (Swamp:2)
  A cyclops (D:13)
  4 elephants (Lair:6)
  4 black mambas
  21 spiny frogs
  A gargoyle (D:11)
  A torpor snail (Swamp:2)
  Psyche (D:8)
  A rime drake (Lair:3)
  6 komodo dragons
  The ghost of tamionv the Chopper, a novice GrFi (D:4)
  3 polar bears (Lair:6)
  3 hornets
  A merfolk (D:9)
  2 trolls (D:13)
  3 slime creatures (Swamp:3)
  13 blink frogs
  14 tyrant leeches
  2 bog bodies
  5 hippogriffs
  2 wraiths
  A spriggan (Lair:1)
  2 shadows
  4 wyverns
  45 yaks
  A basilisk (D:11)
  Grum (D:8)
  9 vampire mosquitoes
  3 hungry ghosts
  3 insubstantial wisps (Swamp:3)
  10 swamp worms
  5 nagas (Lair:2)
  11 water moccasins
  7 porcupines
  5 orc warriors
  A sky beast (D:5)
  7 swamp drakes
  2 ice beasts
  5 black bears
  6 ogres
  An eye of draining (D:10)
  6 necrophages (Lair:4)
  37 wolves
  9 centaurs
  9 crocodiles
  A big kobold (D:10)
  20 bullfrogs
  6 scorpions
  25 killer bees
  8 wights
  2 electric eels (D:7)
  5 howler monkeys
  4 crimson imps
  4 centaur zombies
  6 hounds
  A quasit (D:9)
  A bullfrog zombie (D:8)
  3 orc priests
  A bullfrog skeleton (D:7)
  5 centaur skeletons
  5 jellies
  12 orc wizards
  Jessica (D:2)
  Ijyb (D:4)
  3 iguanas
  A hell rat (D:11)
  8 worker ants
  A killer bee zombie (D:8)
  A hound zombie (D:7)
  A hound skeleton (D:10)
  Robin (D:2)
  8 adders
  10 gnolls
  A river rat (D:11)
  4 shadow imps
  An adder skeleton (D:6)
  A worm (D:3)
  2 dart slugs (D:1)
  4 leopard geckos
  39 orcs
  7 bats
  22 goblins
  11 hobgoblins
  11 jackals
  5 quokkas
  7 frilled lizards
  15 kobolds
  3 leopard gecko skeletons
  A quokka skeleton (D:5)
  11 rats
  4 fungi
  2 plants
623 creatures vanquished.

Vanquished Creatures (collateral kills)
  A frost giant (D:12)
  An alligator (Swamp:2)
  3 death yaks (Lair:6)
  A deep troll shaman (Lair:6)
  A cyclops (D:12)
  2 vampire mosquitoes (Swamp:2)
  A swamp worm (Swamp:2)
10 creatures vanquished.

Vanquished Creatures (others)
  A vampire mosquito (Swamp:3)
  4 fungi
  14 plants
  5 toadstools (Lair:3)
  3 withered plants (Lair:3)
27 creatures vanquished.

Grand Total: 660 creatures vanquished

Notes
Turn   | Place    | Note
-------+----------+-------------------------------------------
     0 | D:1      | LordRappington the Minotaur Berserker began the quest for
                  | the Orb.
     0 | D:1      | Reached XP level 1. HP: 19/19 MP: 0/0
   105 | D:1      | Reached skill level 4 in Axes
   140 | D:1      | Reached XP level 2. HP: 23/26 MP: 1/1
   516 | D:1      | Reached skill level 5 in Axes
   579 | D:1      | Reached XP level 3. HP: 31/31 MP: 2/2
   925 | D:2      | Reached ** piety under Trog
  1307 | D:2      | Noticed Robin
  1319 | D:2      | Killed Robin
  1319 | D:2      | Reached skill level 6 in Axes
  1319 | D:2      | Reached XP level 4. HP: 27/39 MP: 3/3
  1744 | D:2      | Noticed Jessica
  1748 | D:2      | Killed Jessica
  2170 | D:3      | Reached XP level 5. HP: 45/45 MP: 4/4
  2371 | D:3      | Reached skill level 7 in Axes
  2371 | D:3      | Reached *** piety under Trog
  2648 | D:4      | Found a runed translucent door.
  2683 | D:4      | Found a hide-covered altar of Uskayaw.
  2790 | D:4      | Reached skill level 8 in Axes
  2804 | D:4      | Found a glowing golden altar of the Shining One.
  3052 | D:4      | Noticed tamionv's ghost (novice GrFi)
  3114 | D:4      | Reached XP level 6. HP: 51/51 MP: 5/5
  3115 | D:4      | Noticed Ijyb
  3132 | D:4      | Killed Ijyb
  3312 | D:4      | Found a burning altar of Makhleb.
  3469 | D:4      | Reached skill level 9 in Axes
  3518 | D:5      | Entered Level 5 of the Dungeon
  3531 | D:5      | Found Naonn's Magic Scroll Shop.
  3534 | D:5      | Bought a scroll of identify for 26 gold pieces
  3534 | D:5      | Bought a scroll of identify for 26 gold pieces
  3534 | D:5      | Bought a scroll of silence for 97 gold pieces
  3616 | D:5      | Got a coiled golden ring
  3619 | D:5      | Found Qifod's Antique Armour Shoppe.
  3624 | D:5      | Found Ucasoaq's Jewellery Shoppe.
  3632 | D:5      | Noticed an ice beast
  3641 | D:5      | Reached XP level 7. HP: 53/57 MP: 6/6
  3652 | D:5      | Reached skill level 10 in Axes
  3941 | D:5      | Bought a +2 amulet of reflection for 105 gold pieces
  4022 | D:5      | Reached skill level 11 in Axes
  4064 | D:5      | Reached XP level 8. HP: 39/64 MP: 7/7
  4077 | D:5      | Found Xiut's Assorted Antiques.
  4108 | D:5      | Found Uvalosmy's Assorted Antiques.
  4244 | D:5      | Found a snail-covered altar of Cheibriados.
  4250 | D:5      | Reached **** piety under Trog
  4308 | D:5      | Found a basalt altar of Yredelemnul.
  4566 | D:6      | Reached skill level 12 in Axes
  4771 | D:6      | Found Kuitoush's Food Boutique.
  4924 | D:6      | Reached skill level 13 in Axes
  4996 | D:6      | Found a staircase to the Ecumenical Temple.
  5167 | Temple   | Entered the Ecumenical Temple
  5428 | D:7      | Found an ancient bone altar of Kikubaaqudgha.
  5430 | D:7      | Found a sparkling altar of Nemelex Xobeh.
  5430 | D:7      | Found a radiant altar of Vehumet.
  5487 | D:7      | Reached XP level 9. HP: 43/70 MP: 8/8
  6175 | D:7      | Found a transporter.
  6175 | D:7      | Identified the amulet "Yvvecaw" {-Tele +Rage rN+ SInv}
  6208 | D:7      | Noticed Froggeryz's ghost (novice GnGl)
  6241 | D:7      | Reached skill level 5 in Armour
  6300 | D:7      | Reached skill level 14 in Axes
  6382 | D:7      | Found a stormy altar of Qazlal.
  6779 | D:7      | Found a transporter.
  7214 | D:4      | Killed tamionv's ghost
  7286 | D:8      | Found an opulent altar of Gozag.
  7317 | D:8      | Noticed Grum
  7332 | D:8      | Reached ***** piety under Trog
  7364 | D:8      | Killed Grum
  7467 | D:8      | Reached XP level 10. HP: 68/77 MP: 9/9
  7920 | D:8      | Reached skill level 10 in Armour
  8202 | D:8      | Noticed Psyche
  8218 | D:8      | Killed Psyche
  8703 | D:9      | Reached skill level 15 in Axes
  8771 | D:9      | Noticed a two-headed ogre
  8787 | D:9      | Killed a two-headed ogre
  8982 | D:9      | Received a gift from Trog
  9245 | D:9      | Reached XP level 11. HP: 32/82 MP: 10/10
  9246 | D:9      | Reached skill level 1 in Throwing
  9629 | D:10     | Entered Level 10 of the Dungeon
  9831 | D:10     | Killed an unseen horror
 10260 | D:10     | Paralysed by a hornet for 2 turns
 10708 | D:10     | Found a sacrificial altar of Ru.
 10980 | D:11     | Reached skill level 5 in Fighting
 10990 | D:11     | Identified the ring "Mostruela" {rPois rC+ Str-2 Dex+3}
                  | (You found it on level 5 of the Dungeon)
 11031 | D:11     | Received a gift from Trog
 11135 | D:10     | Reached skill level 16 in Axes
 11458 | D:11     | Received a gift from Trog
 11518 | D:11     | Noticed a death yak
 11519 | D:11     | Noticed a death yak
 11522 | D:11     | Found a staircase to the Lair.
 11527 | D:11     | Noticed a death yak
 11533 | D:11     | Killed a death yak
 11554 | D:11     | Killed a death yak
 11571 | D:11     | Killed a death yak
 11571 | D:11     | Reached XP level 12. HP: 40/97 MP: 11/11
 11827 | D:11     | Received a gift from Trog
 12172 | D:12     | Noticed a frost giant
 12172 | D:12     | Noticed a storm dragon
 12183 | D:12     | HP: 4/97 [frost giant/bolt of cold (17)]
 12560 | D:11     | Killed a storm dragon
 12780 | D:12     | Killed a frost giant
 12780 | D:12     | Reached skill level 5 in Throwing
 13220 | D:13     | Noticed a vault guard
 13222 | D:13     | Found a gate to the Vaults.
 13223 | D:13     | Noticed a vault guard
 13224 | D:13     | Noticed a vault guard
 13224 | D:13     | Noticed a vault guard
 13227 | D:13     | Noticed a vault guard
 13229 | D:13     | Noticed a vault guard
 13234 | D:13     | Killed a vault guard
 13236 | D:13     | Killed a vault guard
 13239 | D:13     | Killed a vault guard
 13239 | D:13     | Noticed a vault guard
 13241 | D:13     | Killed a vault guard
 13246 | D:13     | Noticed a vault guard
 13248 | D:13     | Killed a vault guard
 13255 | D:13     | Killed a vault guard
 13255 | D:13     | Reached skill level 17 in Axes
 13263 | D:13     | Killed a vault guard
 13270 | D:13     | Killed a vault guard
 13605 | D:13     | Received a gift from Trog
 13720 | D:13     | Reached skill level 15 in Armour
 14020 | D:13     | Reached XP level 13. HP: 104/110 MP: 12/12
 14335 | Lair:1   | Entered Level 1 of the Lair of Beasts
 15260 | Lair:1   | Noticed Gastronok
 15280 | Lair:1   | Killed Gastronok
 15280 | Lair:1   | Reached skill level 18 in Axes
 15661 | Lair:2   | Reached skill level 10 in Fighting
 15676 | Lair:2   | You fall into a shaft and drop 2 floors!
 15837 | Lair:3   | Received a gift from Trog
 15929 | Lair:3   | Noticed Sonja
 15944 | Lair:3   | Killed Sonja
 16196 | Lair:3   | Found a runed translucent gate.
 16197 | Lair:3   | Found a runed translucent gate.
 16198 | Lair:3   | Found a runed translucent gate.
 16304 | Lair:3   | Noticed Mrkan's ghost (journeyman GrFi)
 16304 | Lair:3   | Noticed barb4r1an's ghost (journeyman DEIE)
 16305 | Lair:3   | Noticed barb4r1an's ghost (journeyman DEIE)
 17004 | Lair:2   | Found a staircase to the Snake Pit.
 17451 | Lair:3   | You fall into a shaft and drop 3 floors!
 17451 | Lair:6   | Entered Level 6 of the Lair of Beasts
 17612 | Lair:5   | Reached XP level 14. HP: 53/125 MP: 13/13
 17622 | Lair:5   | Received a gift from Trog
 18249 | Lair:3   | Found a runed translucent door.
 18748 | Lair:4   | Found a staircase to the Swamp.
 18866 | Lair:4   | Reached skill level 19 in Axes
 19147 | Lair:4   | Noticed Nergalle
 19155 | Lair:4   | Killed Nergalle
 19540 | Lair:5   | Found a runed translucent door.
 19540 | Lair:5   | Found a viscous altar of Jiyva.
 19541 | Lair:5   | Noticed an acid blob
 20009 | Lair:5   | Found a staircase to the Slime Pits.
 20134 | Lair:5   | Noticed Urug
 20146 | Lair:5   | Killed Urug
 21709 | Swamp:1  | Entered Level 1 of the Swamp
 22265 | Swamp:1  | Found a runed translucent door.
 22611 | Swamp:1  | Noticed Peixi's ghost (adept MiFi)
 23878 | Swamp:2  | Reached XP level 15. HP: 73/139 MP: 14/14
 23917 | Swamp:2  | Received a gift from Trog
 24528 | Swamp:2  | Reached skill level 20 in Axes
 25088 | Swamp:2  | Reached skill level 15 in Fighting
 25517 | Swamp:3  | Reached skill level 10 in Throwing
 25539 | Swamp:3  | Noticed a thorn hunter
 25556 | Swamp:3  | Killed a thorn hunter
 25894 | Swamp:3  | Noticed Nikola
 25910 | Swamp:3  | Killed Nikola
 25988 | Swamp:3  | Noticed Jorgrun
 26001 | Swamp:3  | HP: 2/141 [five-headed hydra (7)]
 26001 | Swamp:3  | Slain by a five-headed hydra

Levels and vault maps discovered:
D:1:      dpeg_arrival_signposts, layout_basic
D:2:      layout_basic, uniq_robin, uniq_jessica
D:3:      layout_basic
D:4:      layout_gridville, nicolae_overflow_hidden_temple,
          lemuel_crystal_altar, kennysheep_mini_moat,
          ebering_ghost_reflecting_pool, uniq_ijyb
D:5:      layout_cave_pools, nicolae_overflow_crystal_walls,
          overflow_temple_1_default, serial_shops, shop,
          nicolae_shop_statue_plus, shop, kennysheep_mini,
          nicolae_shop_window_shopping, first_ration, minmay_manual_mail
D:6:      layout_rooms, minmay_temple_entry_crystal_x, serial_shops, shop_statue
D:7:      statuecave_lemuel, layout_loops_ring, grunt_qazlal_clouds,
          chequers_temple_overflow_statue_of_worship,
          gammafunk_ghost_gnarly_gnolls
D:8:      layout_basic, lemuel_crystal_altar, uniq_psyche, uniq_grum
D:9:      layout_roguey, hangedman_fish_farm, minmay_misc_feat_hallway
D:10:     layout_loops_ring, nicolae_ru_path_of_blood
D:11:     layout_rooms, dpeg_lair_monsters
D:12:     minmay_diamond_stairs, layout_cave_pools,
          kennysheep_orc_monster_closet_entryway, basic_altar,
          trove_entry_hex_spiral, kennysheep_pointless_box, lemuel_statue_altar
D:13:     layout_basic, erik_vaults_2
Temple:   minmay_temple_bridge_abc
Lair:1:   layout_cave_pods, grunt_forest_large_clearing_hut, uniq_gastronok
Lair:2:   layout_cave_shapes, minmay_snake_entry_guardpost_large,
          serial_bayou_shore_b
Lair:3:   gammafunk_lair_enchanted_lake, layout_regular_city,
          gammafunk_ghost_cemetery, serial_bayou_shore_b, uniq_sonja
Lair:4:   layout_regular_city, swamp_mist, roderic_carrion_pond,
          grunt_megastairs_1, uniq_nergalle
Lair:5:   layout_cave_pods, slime_altar_2, serial_bayou_lagoon_a,
          beast_lair_carwin_10, uniq_urug
Lair:6:   grunt_lair_end_beastmaster, layout_hall_layers, grunt_megastairs_3
Swamp:1:  layout_basic_swamp, ebering_ghost_reflecting_pool,
          hangedman_swamp_blocks
Swamp:2:  layout_falls_marsh, nicolae_swamp_little_tower, swamp_pool1,
          worms_lemuel
Swamp:3:  layout_basic_swamp, evilmike_swamp_ruin_house_3, uniq_jorgrun,
          uniq_nikola

Skill      XL: |  1  2  3  4  5  6  7  8  9 10 11 12 13 14 15 |
---------------+----------------------------------------------+-----
Axes           | 4 5 6 8 9 11 13 14 15 16 17 18 19 20 | 20.2
Armour         | 3 8 12 13 15 | 15.0
Throwing       | 4 6 8 9 10 | 10.2
Fighting       | 6 8 11 14 15 | 15.4
Dodging        | |  2.1

Action                   |  1- 3 |  4- 6 |  7- 9 | 10-12 | 13-15 || total
-------------------------+-------+-------+-------+-------+-------++-------
Melee: Hand axe          |    85 |   174 |   399 |   128 |       ||   786
       Headbutt          |    12 |    35 |    66 |   152 |   260 ||   525
       War axe           |       |       |       |   532 |   771 ||  1303
       Battleaxe         |       |       |       |    93 |    66 ||   159
       Broad axe         |       |       |       |       |   149 ||   149
Invok: Berserk           |     1 |       |     2 |     9 |     8 ||    20
       Trog's Hand       |       |       |     2 |     2 |     6 ||    10
       Brothers in Arms  |       |       |       |     1 |     4 ||     5
  Use: Potion            |     1 |       |       |     1 |     3 ||     5
       Scroll            |       |     8 |     3 |    11 |     1 ||    23
 Stab: Sleeping          |     1 |       |       |       |       ||     1
       Distracted        |       |       |       |       |     1 ||     1
       Confused          |       |       |       |       |     1 ||     1
  Eat: Ration            |     1 |       |     2 |     4 |       ||     7
       Chunk             |       |     6 |     8 |    36 |    53 ||   103
Armor: Animal skin       |     6 |    10 |       |       |       ||    16
       Plate armour      |       |    74 |   216 |   435 |   761 ||  1486
       Chain mail        |       |     3 |       |       |       ||     3
Dodge: Dodged            |    50 |    73 |   100 |   186 |   367 ||   776
Block: Other             |       |       |       |    15 |       ||    15
       Reflection        |       |       |       |     1 |       ||     1
